Unix NetHack Version 5.0.0-0 post-release - last build May  4 2026 22:22:43 (774f63e81ad911689b3a0859ea89b322d5daca8d,branch:main).

Game began 2026-05-09 20:12:28, ended 2026-05-10 17:26:40.

Japes, lawful female human Valkyrie

                          -------                                     -----
                          |@....|                                   0#....|
                         %o.....|                                   # |...|
                         #|...d.|                                   # |...|
                          |....)|                                  ## |...|
                          |.....|                               ####  |...|
                          |....||          --------------  ###########....|
                          -.-----         #-.............### ####     -.---
                           ####         ###|............|    #         #
                              #         #  |............|    #         #
                              #         #  |....>.......|    #         ##
                              #        ##  |..........(.|   ##          #
                              #    #####   --------------   #           #
                             ################################           #
                             #--.--#                                  --|--
       - ------- -----    #  #|...|#                                  |...|
       |..........<...########-...|#                                  |!![|
       |.............|        |....#                                  |%).|
       ---------------        -----                                   -----

Japes the Skirmisher        St:18/01 Dx:13 Co:18 In:9 Wi:9 Ch:10  Lawful
Dlvl:5  $:63 HP:0(44) Pw:11(11) AC:1  Xp:4/100 T:1537 

Latest messages:
 You see here a large box.
 #
 In what direction?
 There is a large box here.  Check it for traps? [ynq] (q)
 You find a trap on the large box!
 Disarm it? [ynq] (q)
 You set it off!
 But luckily the explosive charge is a dud!
 p - a black gem.
 The door resists!
 The door opens.
 You see here 11 arrows.
 You see here a gray spellbook.
 q - a gray spellbook.
 The hill orc swings his scimitar.
 The hill orc hits!
 You hit the hill orc!
 The hill orc swings his scimitar.
 The hill orc misses!
 You kill the hill orc!
 The hill orc swings his scimitar.
 The hill orc hits!
 You hit the hill orc!
 The hill orc swings his scimitar.
 The hill orc hits!
 The hill orc picks up a rusty orcish helm.
 You miss the hill orc.
 The hill orc swings his scimitar.
 The hill orc hits!
 You kill the hill orc!
 The hill orc picks up a scimitar.
 You miss the hill orc.
 You miss the hill orc.
 You hit the hill orc!
 The hill orc swings her scimitar.
 The hill orc hits!
 You miss the hill orc.
 You hit the hill orc.
 The hill orc swings her scimitar.
 The hill orc misses!
 What do you want to wield? [- abin or ?*]
 a - a +1 spear (weapon in right hand).
 The hill orc swings her scimitar.
 The hill orc hits!
 You die...
 Do you want your possessions identified? [ynq] (y)
 Do you want to see your attributes? [ynq] (y)
 Do you want an account of creatures vanquished? [ynaq] (y)
 Do you want to see your conduct and achievements? [ynq] (y)
 Do you want to see the dungeon overview? [ynq] (y)

Inventory:
 Coins    ('$')
  $ - 63 gold pieces
 Weapons  (')')
  b - a +0 dagger (alternate weapon; not wielded)
  n - a +1 elven dagger
  i - a +0 elven dagger
  a - a +1 spear (weapon in right hand)
 Armor    ('[')
  x - an uncursed +0 orcish helm (being worn)
  c - a blessed +3 small shield (being worn)
  z - an uncursed +0 scale mail (being worn)
 Comestibles  ('%')
  l - an uncursed venti hot decaf vanilla latte
  d - an uncursed food ration
  f - 2 uncursed lichen corpses
 Scrolls  ('?')
  u - an uncursed scroll of blank paper
  e - an uncursed scroll of confuse monster
  y - 2 uncursed scrolls of enchant weapon
  o - an uncursed scroll of light
  h - an uncursed scroll of teleportation
 Spellbooks  ('+')
  q - a cursed spellbook of light
 Potions  ('!')
  k - an uncursed potion of speed
 Wands    ('/')
  g - a wand of stasis (0:5)
 Tools    ('(')
  s - an empty uncursed sack
  j - an uncursed blindfold
  r - an uncursed magic whistle
 Gems/Stones  ('*')
  p - an uncursed worthless piece of black glass
  m - an uncursed worthless piece of orange glass

Japes the Valkyrie's attributes:

Background:
 You were a Skirmisher, a level 4 human Valkyrie.
 You were lawful, on a mission for Tyr
 who was opposed by Odin (neutral) and Loki (chaotic).
 You were right-handed.
 You were in the Dungeons of Doom, on level 5.
 You entered the dungeon 1537 turns ago.
 You had 100 experience points, 60 more were needed to attain level 5.

Basics:
 You had 0 out of 44 hit points.
 You had all 11 energy points (spell power).
 Your armor class was 1.
 Your wallet contained 63 zorkmids.
 Autopickup was on for '$' plus thrown.

Final Characteristics:
 Your strength was 18/01 (limit:18/100).
 Your dexterity was 13 (limit:18).
 Your constitution was 18 (limit:18).
 Your intelligence was 9 (limit:18).
 Your wisdom was 9 (limit:18).
 Your charisma was 10 (limit:18).

Final Status:
 You weren't hungry.
 You were unencumbered.
 You were wielding a spear.
 You had basic skill with spear.

Final Attributes:
 You were devoutly aligned.
 You were cold resistant.
 You were stealthy.
 You were warded.
 You are dead.

Miscellaneous:
 You didn't encounter any bones levels.
 Total elapsed playing time was 24 minutes and 40 seconds.

Major events:
 Turn
    1: Japes the lawful human Valkyrie entered the dungeon
  732: entered the Gnomish Mines
  860: attained the rank of Skirmisher (level 3)
 1537: killed by a hill orc

You didn't know any spells.

Skills:
 Fighting Skills
   bare handed combat [Unskilled]
   two weapon combat  [Unskilled]
   riding             [Unskilled]
 Weapon Skills
   dagger             [Basic]
   axe                [Unskilled]
   pick-axe           [Unskilled]
   short sword        [Unskilled]
   broadsword         [Unskilled]
   long sword         [Unskilled]
   two-handed sword   [Unskilled]
   saber              [Unskilled]
   hammer             [Unskilled]
   quarterstaff       [Unskilled]
   polearms           [Unskilled]
   spear              [Basic]
   trident            [Unskilled]
   lance              [Unskilled]
   sling              [Unskilled]
 Spellcasting Skills
   attack spells      [Unskilled]
   escape spells      [Unskilled]

Voluntary challenges:
 Character rerolling was not enabled.
 You never genocided any monsters.
 You never polymorphed an object.
 You used no wishes.
Achievements:
 You entered a shop.
 You entered the Gnomish Mines.
 You attained the rank of Skirmisher.

 The Dungeons of Doom: levels 1 to 5
    Level 1:
    Level 2:
       A tool shop, a fountain, a sink.
    Level 3:
       A general store, some fountains, a sink.
       Stairs down to The Gnomish Mines.
    Level 4:
       Some fountains.
    Level 5: <- You were here.
       A general store, a grave.
       Final resting place for
          you, killed by a hill orc.
 The Gnomish Mines:
    Level 4:


Vanquished creatures:
  a dwarf
  2 hill orcs
  a werejackal
  2 coyotes
  2 hobbits
  3 giant rats
  2 cave spiders
  a yellow mold
  a gnome
  a gecko
  2 jackals
  3 foxes
  a goblin
  4 grid bugs
  2 bats
  3 lichens
  3 newts
34 creatures vanquished.

No species were genocided or became extinct.

Game over:
                       ----------
                      /          \
                     /    REST    \
                    /      IN      \
                   /     PEACE      \
                  /                  \
                  |      Japes       |
                  |      63 Au       |
                  | killed by a hill |
                  |       orc        |
                  |                  |
                  |                  |
                  |       2026       |
                 *|     *  *  *      | *
        _________)/\\_//(\/(/\)/\//\/|_)_______

Farvel Japes the Valkyrie...

You died in The Dungeons of Doom on dungeon level 5 with 667 points,
and 63 pieces of gold, after 1537 moves.
You were level 4 with a maximum of 44 hit points when you died.

